 Dungeon Crawl Stone Soup version 0.17.1-1-g73c8601 (webtiles) character file.

66 reganant000 the Chopper (level 3, -1/31 HPs)
             Began as a Minotaur Gladiator on Mar 20, 2016.
             Slain by Grinder (8 damage)
             ... on level 3 of the Dungeon.
             The game lasted 00:07:22 (1627 turns).

reganant000 the Chopper (Minotaur Gladiator)        Turns: 1627, Time: 00:07:22

Health: -1/31      AC:  8    Str: 20    XL:     3   Next: 96%
Magic:  2/2        EV: 12    Int:  5    God:
Gold:   178        SH:  0    Dex: 10    Spells: 0 memorised, 2 levels left

rFire  . . .     SeeInvis .     a - +0 war axe
rCold  . . .     Clarity  .     j - +0 ring mail
rNeg   . . .     SustAt   .     (no shield)
rPois  .         Gourm    .     c - +0 hat
rElec  .         Spirit   .     f - +0 cloak
rCorr  .         Warding  .     r - +0 pair of gloves
rMut   .         Stasis   .     (no boots)
MR     .....                    (no amulet)
Stlth  ..........               (no ring)
                                l - +1 ring of protection

@: starving, not resistant to hostile enchantments, extremely unstealthy
A: retaliatory headbutt, horns 2
a: no special abilities


You were on level 3 of the Dungeon.
You were starving.

You visited 1 branch of the dungeon, and saw 3 of its levels.

You collected 178 gold pieces.

Inventory:

Hand Weapons
 a - a +0 war axe (weapon)
Missiles
 d - 3 throwing nets (quivered)
Armour
 c - a +0 hat (worn)
 f - a +0 cloak (worn)
 j - a +0 ring mail (worn)
 r - a +0 pair of gloves (worn)
Jewellery
 g - an uncursed amulet of resist mutation
 h - an uncursed amulet of resist mutation
 l - a +1 ring of protection (left hand)
Scrolls
 b - a scroll of magic mapping {unknown}
 i - 4 scrolls of identify {unknown}
 m - 2 scrolls of immolation {unknown}
 n - a scroll of remove curse {unknown}
 o - a scroll of fog {unknown}
 w - a scroll of random uselessness {unknown}
 x - 3 scrolls of teleportation {unknown}
Potions
 k - a potion of ambrosia {unknown}
 t - a potion of flight {unknown}
 u - a potion of lignification {unknown}
 v - a potion of haste {unknown}
Comestibles
 e - 2 bread rations
 p - a beef jerky
 q - 3 meat rations
 s - a slice of pizza


   Skills:
 * Level 3.3 Fighting
 * Level 4.9 Axes
 - Level 2.0 Throwing
 * Level 1.3 Armour
 - Level 3.5 Dodging


You had 2 spell levels left.
You didn't know any spells.

Dungeon Overview and Level Annotations

Branches:
Dungeon (3/15)

Altars:
Gozag

Annotations:
D:3 Grinder


Innate Abilities, Weirdness & Mutations

You reflexively headbutt those who attack you in melee.
You have a pair of horns on your head.


Message History

Unknown command.
You slash Grinder! You headbutt Grinder, but do no damage.
Grinder is heavily wounded.
Grinder barely misses you. You furiously retaliate!
You headbutt Grinder. You slash Grinder!
Grinder is severely wounded.
Grinder barely misses you.
You slash Grinder! You headbutt Grinder, but do no damage.
Grinder is almost dead.
Grinder gestures at you.
You barely resist. You closely miss Grinder. You headbutt Grinder.
Grinder is almost dead.
Grinder hits you but does no damage. Grinder barely misses you.
A hobgoblin comes into view. It is wielding a club.
The hobgoblin shouts!
You hit Grinder.
Grinder is almost dead.
Grinder hits you!
You die...

. .#
#########.####
+.........$..
#..........#
#..........#
#..........+
#.....5....#
#######.....@....#
.................#
.................#
.................#
#######..........#
######..........#
#(........g######
#..........#
#..........#


You could see Grinder and a hobgoblin.

Vanquished Creatures
  2 adders
  An ooze (D:2)
  5 giant cockroaches
  8 goblins (D:1)
  4 hobgoblins
  3 jackals (D:2)
  5 kobolds
  5 bats
  4 giant newts
  A quokka (D:2)
  3 rats
41 creatures vanquished.

Notes
Turn   | Place    | Note
--------------------------------------------------------------
     0 | D:1      | reganant000 the Minotaur Gladiator began the quest for the Orb.
     0 | D:1      | Reached XP level 1. HP: 18/18 MP: 0/0
   158 | D:1      | Reached XP level 2. HP: 12/25 MP: 1/1
   316 | D:1      | Reached skill level 4 in Axes
   769 | D:2      | Reached XP level 3. HP: 19/31 MP: 2/2
  1066 | D:2      | Reached skill level 1 in Armour
  1474 | D:2      | Found an opulent altar of Gozag.
  1589 | D:3      | Noticed Grinder
  1595 | D:3      | Paralysed by Grinder for 3 turns
  1601 | D:3      | Paralysed by Grinder for 5 turns
  1612 | D:3      | Paralysed by Grinder for 5 turns
  1620 | D:3      | Paralysed by Grinder for 3 turns
  1627 | D:3      | Slain by Grinder

Action                   || total
-------------------------++-------
Melee: War axe           ||   103
